 Dungeon Crawl Stone Soup version 0.16-a0-3855-gd2600ac (console) character file.

1591 Monkaria the Cleaver (level 8, 0/66 HPs)
             Began as a Hill Orc Fighter on Jan 31, 2015.
             Was a Believer of Makhleb.
             Succumbed to a killer bee's poison
             ... on level 8 of the Dungeon.
             The game lasted 00:20:23 (6059 turns).

Monkaria the Cleaver (Hill Orc Fighter)             Turns: 6059, Time: 00:20:24

Health: 0/66       AC:  6    Str: 21    XL:     8   Next: 93%
Magic:  8/8        EV:  7    Int: 11    God:    Makhleb [**....]
Gold:   89         SH:  9    Dex:  8    Spells: 0 memorised, 7 levels left

rFire  + . .     SeeInvis .     a - +0 war axe
rCold  . . .     Clarity  .     b - +0 scale mail
rNeg   . . .     SustAb   .     c - +0 shield
rPois  .         Gourm    .     (no helmet)
rElec  .         Spirit   .     (no cloak)
rCorr  .         Warding  .     (no gloves)
rMut   .         Stasis   .     (no boots)
MR     +....                    (no amulet)
Stlth  ..........               J - ring of protection from magic
                                k - +3 ring of intelligence

@: lethally poisoned, very slightly contaminated, hasted, very quick, somewhat
resistant to hostile enchantments, extremely unstealthy
A: clumsy 1, fire resistance 1, regeneration 1
a: Minor Destruction, Renounce Religion


You were on level 8 of the Dungeon.
You worshipped Makhleb.
Makhleb was pleased with you.
You were not hungry.

You visited 2 branches of the dungeon, and saw 9 of its levels.

You collected 329 gold pieces.
You spent 240 gold pieces at shops.

Inventory:

Hand weapons
 a - a +0 war axe (weapon)
Missiles
 i - 30 poisoned needles
Armour
 b - a +0 scale mail (worn)
 c - a +0 shield (worn)
 G - a +1 cloak
Jewellery
 k - a +3 ring of intelligence (left hand)
 q - an uncursed amulet of stasis
 u - an uncursed ring of ice
 z - an uncursed ring of ice
 J - a ring of protection from magic (right hand)
 K - an uncursed ring of teleportation
Magical devices
 C - a wand of fireball (5)
 H - a wand of frost (29)
Scrolls
 n - 2 scrolls of fog
 r - 6 scrolls of remove curse
 t - a scroll of random uselessness
 v - 2 scrolls of noise
 w - a scroll of recharging
 x - 2 scrolls of teleportation {unknown}
 y - a scroll of magic mapping {unknown}
 A - 2 scrolls of fear {unknown}
 B - a scroll of blinking
Potions
 e - 4 potions of might
 f - a potion of cancellation
 l - a potion of brilliance
 p - a potion of flight
 s - a potion of magic
 E - 2 potions of agility
Comestibles
 d - 5 meat rations
 g - 7 fruits
 m - 7 bread rations
 F - a chunk of flesh


   Skills:
 - Level 4.0 Fighting
 * Level 13.7 Axes
 - Level 3.2 Armour
 - Level 3.2 Shields


You had 7 spell levels left.
You didn't know any spells.

Dungeon Overview and Level Annotations

Branches:
Dungeon (9/15)             Temple (1/1) D:6
   Lair: D:8-11         Orc: D:9-12

Altars:
Ashenzari
Cheibriados
Dithmenos
Elyvilon
Fedhas
Gozag
Kikubaaqudgha
Makhleb
Nemelex Xobeh
Okawaru
Qazlal
Ru
Sif Muna
Trog
Vehumet
Xom
Yredelemnul
Zin
The Shining One

Shops:
D:5 =(%!*

Annotations:
D:8 Gastronok


Innate Abilities, Weirdness & Mutations

You are clumsy. (Dex -2)
Your flesh is heat resistant.
Your natural rate of healing is unusually fast.


Message History

* * * LOW HITPOINT WARNING * * *
You feel sick.
* * * LOW HITPOINT WARNING * * *
You feel sick.
* * * LOW HITPOINT WARNING * * *
You feel sick.
* * * LOW HITPOINT WARNING * * *
You feel sick.
* * * LOW HITPOINT WARNING * * *
You feel sick.
* * * LOW HITPOINT WARNING * * *
You feel sick.
Drink which item? (? for menu, Esc to quit)
Okay, then.
Read which item? (? for menu, Esc to quit)
As you read the scroll labeled MAROEDE CHIJ JUDGH, it crumbles to dust.
It is a scroll of recharging.
Charge which item? (? for menu, Esc to quit)
Your wand of fireball glows for a moment.
You die...

### #@##
#..## ##(.#
###.###
#.....#####
##...#......
#....).....
#..........
###yy......#


There were no monsters in sight!

Vanquished Creatures
  Grinder (D:5)
  An ogre (D:4)
  An ice beast (D:9)
  A centaur (D:5)
  A big kobold (D:9)
  A giant frog (D:6)
  Blork the orc (D:6)
  A water moccasin zombie (D:5)
  2 scorpions (D:4)
  The ghost of Monkaria the Chopper, a weakling HOFi (D:3)
  A giant frog zombie (D:5)
  A goliath beetle (D:6)
  3 iguanas
  A crimson imp (D:5)
  2 hounds
  2 orc priests
  6 orc wizards
  2 worker ants (D:5)
  Ijyb (D:2)
  Jessica (D:3)
  5 gnolls
  7 adders
  A giant mite (D:5)
  8 giant geckos
  2 oozes
  15 orcs
  A ball python (D:1)
  14 bats
  8 giant cockroaches
  18 goblins
  13 hobgoblins
  10 jackals
  17 kobolds
  A giant gecko skeleton (D:6)
  2 giant newts
  5 quokkas
  8 rats
166 creatures vanquished.

Notes
Turn   | Place    | Note
--------------------------------------------------------------
     0 | D:1      | Monkaria, the Hill Orc Fighter, began the quest for the Orb.
     0 | D:1      | Reached XP level 1. HP: 19/19 MP: 1/1
    97 | D:1      | Reached XP level 2. HP: 27/27 MP: 2/2
   541 | D:1      | Reached skill level 4 in Fighting
   541 | D:1      | Reached XP level 3. HP: 11/33 MP: 3/3
  1278 | D:2      | Reached skill level 5 in Axes
  1368 | D:2      | Reached XP level 4. HP: 38/40 MP: 4/4
  1614 | D:2      | Noticed Ijyb
  1638 | D:2      | Killed Ijyb
  1973 | D:2      | Reached skill level 6 in Axes
  2059 | D:2      | Reached XP level 5. HP: 44/46 MP: 5/5
  2255 | D:3      | Noticed Jessica
  2263 | D:3      | Killed Jessica
  2263 | D:3      | Reached skill level 7 in Axes
  2278 | D:3      | Found a deep blue altar of Sif Muna.
  2314 | D:3      | Noticed Monkaria's ghost (weakling HOFi)
  2325 | D:3      | HP: 2/46 [Monkaria's ghost (11)]
  2329 | D:3      | Killed Monkaria's ghost
  2635 | D:3      | Reached XP level 6. HP: 47/52 MP: 6/6
  3122 | D:4      | Found an iron altar of Okawaru.
  3122 | D:4      | Found a sacrificial altar of Ru.
  3122 | D:4      | Found a glowing golden altar of the Shining One.
  3138 | D:4      | Found an opulent altar of Gozag.
  3140 | D:4      | Found a burning altar of Makhleb.
  3160 | D:4      | Became a worshipper of Makhleb the Destroyer
  3302 | D:4      | Reached skill level 8 in Axes
  3385 | D:4      | Reached skill level 9 in Axes
  3768 | D:4      | Reached XP level 7. HP: 59/59 MP: 7/7
  3843 | D:4      | Acquired Makhleb's first power
  4255 | D:5      | Entered Level 5 of the Dungeon
  4269 | D:5      | Found Esaasa's Jewellery Boutique.
  4293 | D:5      | Found a stormy altar of Qazlal.
  4296 | D:5      | Found Eraliq's Food Shoppe.
  4426 | D:5      | Reached skill level 10 in Axes
  4477 | D:5      | Found Jaeraa's Antique Weapon Boutique.
  4570 | D:5      | Noticed Grinder
  4580 | D:5      | Killed Grinder
  4580 | D:5      | Reached skill level 11 in Axes
  4580 | D:5      | Reached XP level 8. HP: 34/66 MP: 8/8
  4823 | D:5      | Found Phazxagu's General Store.
  4869 | D:5      | Bought a scroll of fog for 24 gold pieces
  4869 | D:5      | Bought a scroll of blinking for 90 gold pieces
  4869 | D:5      | Bought 2 potions of agility for 96 gold pieces
  4944 | D:5      | Found Philul's Distillery.
  4956 | D:5      | Bought a potion of mutation for 30 gold pieces
  4956 | D:5      | Gained mutation: Your flesh is heat resistant. [potion of mutation]
  4956 | D:5      | Gained mutation: Your natural rate of healing is unusually fast. [potion of mutation]
  4956 | D:5      | Gained mutation: You are clumsy. (Dex -2) [potion of mutation]
  5147 | D:5      | Reached skill level 12 in Axes
  5365 | D:6      | Noticed Blork the orc
  5379 | D:6      | Killed Blork the orc
  5379 | D:6      | Acquired Makhleb's second power
  5705 | D:6      | Reached skill level 13 in Axes
  5706 | D:6      | Found a staircase to the Ecumenical Temple.
  5718 | Temple   | Entered the Ecumenical Temple
  5863 | D:6      | You fall through a shaft for 3 floors!
  6046 | D:8      | Noticed Gastronok
  6055 | D:8      | HP: 3/66 [poisoned by a killer bee]
  6058 | D:8      | HP: 1/66 [poisoned by a killer bee]
  6059 | D:8      | Succumbed to a killer bee's poison

Action                   |  1- 3 |  4- 6 |  7- 9 || total
-------------------------+-------+-------+-------++-------
Melee: War axe           |   124 |   200 |   220 ||   544
  Use: Scroll            |       |       |    14 ||    14
       Potion            |       |       |     4 ||     4
  Eat: Chunk             |     2 |     7 |     8 ||    17
